 Dungeon Crawl Stone Soup version 0.17.0-28-g6e173f8 (webtiles) character file.

99638 ventricule the Severer (level 16, -1/139 HPs)
             Began as a Hill Orc Assassin on Nov 24, 2015.
             Was the Champion of Cheibriados.
             Slain by Nicoed's ghost (9 damage)
             ... in an ice cave.
             The game lasted 01:14:56 (27291 turns).

ventricule the Severer (Hill Orc Assassin)         Turns: 27291, Time: 01:14:56

Health: -1/139     AC: 29    Str: 31    XL:     16   Next: 25%
Magic:  0/35       EV: 23    Int: 31    God:    Cheibriados [******]
Gold:   2084       SH:  0    Dex: 39    Spells: 1 memorised, 14 levels left

rFire  + . .     SeeInvis +     L - +2 battleaxe (freeze)
rCold  + + .     Clarity  .     x - +7 chain mail "Tips" {Dex+7 SInv}
rNeg   . . .     SustAt   .     (shield currently unavailable)
rPois  +         Gourm    .     q - +3 hat of Pondering {ponderous, MR+ MP+10 Int+5}
rElec  +         Spirit   +     G - +2 cloak {+Inv}
rCorr  +         Warding  .     I - +0 pair of gloves
rMut   .         Stasis   .     u - +0 pair of boots
MR     ++...                    c - amulet of guardian spirit
Stlth  +.........               j - ring of ice
                                v - ring of protection from fire

@: resistant, very slow, very resistant to hostile enchantments, very unstealthy
A: no striking features
a: Bend Time, Temporal Distortion, Slouch, Step From Time, Renounce Religion,
Evoke Invisibility


You were in an ice cave.
You worshipped Cheibriados.
Cheibriados was exalted by your worship.
You were very hungry.

You visited 4 branches of the dungeon, and saw 27 of its levels.
You also visited: Bailey and Ice Cave.

You collected 2682 gold pieces.
You spent 598 gold pieces at shops.


   Skills:
 + Level 12.1 Fighting
   Level 2.0 Short Blades
 - Level 20.8 Axes
 - Level 1.5(12.3) Maces & Flails
 - Level 1.7 Throwing
 + Level 13.5 Armour
 + Level 10.8 Dodging
 - Level 3.2 Stealth
 + Level 12.7 Invocations


You had 14 spell levels left.
You knew the following spells:

 Your Spells              Type           Power        Failure   Level  Hunger
R - Summon Butterflies    Summ           #.......     30%         1    ##.....

Inventory:

Hand Weapons
 b - a +0 blowgun
 L - a +2 battleaxe of freezing (weapon)
 O - the +7 war axe "Witicecu" {vamp, rPois}

   It inflicts no extra harm, but heals its wielder somewhat when it strikes a
   living foe.
   It protects you from poison.
 Q - a +0 great mace of crushing
Missiles
 e - 110 poisoned needles
 A - a throwing net {=f}
 H - 11 curare-tipped needles {=f}
Armour
 q - the +3 hat of Pondering (worn) {ponderous, MR+ MP+10 Int+5}

   It affects your intelligence (+5).
   It affects your resistance to hostile enchantments.
   It affects your magic capacity (+10).
 u - a +0 pair of boots (worn)
 x - the +7 chain mail "Tips" (worn) {Dex+7 SInv}

   It affects your dexterity (+7).
   It lets you see invisible.
 G - a +2 cloak of invisibility (worn)
 I - a +0 pair of gloves (worn)
Jewellery
 c - an amulet of guardian spirit (around neck)
 f - an uncursed amulet of clarity
 j - a ring of ice (right hand)
 v - a ring of protection from fire (left hand)
 P - an uncursed ring of invisibility
 V - an uncursed amulet of resist mutation
 W - an uncursed ring of flight
 X - an uncursed ring of stealth
Wands
 a - a wand of draining (8)
 r - a wand of disintegration (9)
 F - a wand of lightning (3)
 N - a wand of heal wounds (0) {!d@v2}
 U - a wand of cold (6)
Scrolls
 l - 7 scrolls of recharging
 n - 8 scrolls of teleportation {@r4}
 s - 7 scrolls of enchant weapon
 y - 3 scrolls of fear
 K - 7 scrolls of remove curse
 M - 2 scrolls of fog
 S - 4 scrolls of immolation {!r}
 T - 2 scrolls of enchant armour
Potions
 h - 6 potions of curing {@q1}
 k - 6 potions of agility
 o - 5 potions of might
 p - 3 potions of lignification {!q}
 t - a potion of resistance
 w - a potion of mutation {unknown}
 z - 2 potions of flight {unknown}
 B - a potion of cure mutation {unknown}
 C - a potion of magic {unknown}
 D - 2 potions of ambrosia {unknown}
 E - 4 potions of brilliance
 J - 2 potions of invisibility
 R - 2 potions of berserk rage {unknown}
Miscellaneous
 Y - a phantom mirror
Comestibles
 g - 15 bread rations
 m - 15 meat rations

Dungeon Overview and Level Annotations

Branches:
Dungeon (14/15)            Temple (1/1) D:4            Lair (8/8) D:11
  Swamp (0/4) Lair:3       Spider (0/4) Lair:3        Slime (0/6) Lair:8
    Orc (4/4) D:10            Elf (0/3) Orc:4
 Vaults: D:13-14

Altars:
Ashenzari
Cheibriados
Dithmenos
Elyvilon
Fedhas
Gozag
Kikubaaqudgha
Makhleb
Nemelex Xobeh
Okawaru
Qazlal
Ru
Sif Muna
Trog
Vehumet
Xom
Yredelemnul
Zin
The Shining One
Beogh
Jiyva
Lugonu

Shops:
D:7 *   Orc:4 [(((

Annotations:
D:7 exclusion: door
D:9 exclusion: orange crystal statue
Lair:8 1 runed door IceCv Nicoed's ghost, adept FoFi

▒...8.©.8...▒
▒▒....£.%....▒▒
▒......[......▒
▒....8...8....▒
▒.............▒
▒...........▒
▒...........▒
▒.....∩o....▒
▒▒......W..▒▒
▒▒...∩...▒▒
▒▒.....▒▒
▒▒▒▒▒▒▒


You could see Nicoed's ghost.


Message History

* * * LOW HITPOINT WARNING * * *
Read which item? (? for menu, Esc to quit)
Okay, then.
Okay, then.
You don't have enough magic at the moment.
Read which item? (? for menu, Esc to quit)
Okay, then.
Drink which item? (? for menu, Esc to quit)
Okay, then.
You don't have enough magic at the moment.
Read which item? (? for menu, Esc to quit)
Okay, then.
Evoke which item? (* to show all) (? for menu, Esc to quit)
Zapping:
N - a wand of heal wounds {!d@v2} (will waste charges)
You feel much better.
Evoking this partially-identified wand wasted a few charges.
Nicoed's ghost hits you.
* * * LOW HITPOINT WARNING * * *
Drink which item? (? for menu, Esc to quit)
Okay, then.
Drink which item? (? for menu, Esc to quit)
You feel protected. Nicoed's ghost hits you!
* * * LOW HITPOINT WARNING * * *
Nicoed's ghost freezes you.
* * * LOW HITPOINT WARNING * * *
Evoke which item? (* to show all) (? for menu, Esc to quit)
Zapping:
N - a wand of heal wounds {zapped: 3} {!d@v2} (will waste charges) Nothing appears to happen.
Nicoed's ghost hits you!
You die...

Action                   |  1- 3 |  4- 6 |  7- 9 | 10-12 | 13-15 | 16-18 || total
-------------------------+-------+-------+-------+-------+-------+-------++-------
Melee: Dagger            |    42 |   177 |    94 |       |       |       ||   313
       Morningstar       |       |    64 |       |       |       |       ||    64
       Hand axe          |       |       |   408 |       |       |       ||   408
       Battleaxe         |       |       |   163 |   561 |  1078 |   199 ||  2001
       Great mace        |       |       |       |       |    20 |       ||    20
       War axe           |       |       |       |       |   157 |       ||   157
 Fire: Blowgun           |     3 |    19 |    16 |    23 |     9 |       ||    70
Throw: Throwing net      |       |       |       |     1 |       |       ||     1
Invok: Slouch            |       |       |       |     1 |     1 |       ||     2
       Temporal Distorti |       |       |       |     1 |       |       ||     1
Evoke: Wand              |       |       |       |       |       |     1 ||     1
  Use: Scroll            |       |       |    16 |    10 |     7 |     2 ||    35
       Potion            |       |       |     3 |     5 |     1 |     1 ||    10
 Stab: Sleeping          |     4 |     1 |       |       |       |       ||     5
       Invisible         |       |       |       |     9 |     9 |       ||    18
       Petrified         |       |       |       |       |     1 |       ||     1
  Eat: Chunk             |       |     6 |     9 |    13 |    19 |     3 ||    50
       Fruit             |       |       |     6 |       |       |       ||     6
       Pizza             |       |       |     1 |       |       |       ||     1
       Meat ration       |       |       |       |       |     1 |       ||     1
       Royal jelly       |       |       |       |       |     1 |       ||     1

Vault maps used:
D:1:      erik_arrival_triangle_small
D:2:      gammafunk_temple_overflow_statue, first_bread, uniq_natasha,
          uniq_sigmund
D:3:      good_gods_temple_1, overflow_temple_1_default, ecumenical_altar_2,
          nrook_uturn
D:4:      led_sif_pool, temple_green
D:5:      uniq_menkaure, uniq_prince_ribbit1
D:6:      corexii_shantytown, grunt_ministairs_2
D:7:      lightli_temple_of_fire, serial_shops, shop, uniq_pikel, uniq_joseph
D:8:      old_standard_altar, grunt_livestock, uniq_maurice
D:9:      grunt_temple_overflow_cloverleaf, minmay_protected_statue,
          uniq_psyche, uniq_erolcha
D:10:     orc_0_dummy, uniq_erica
D:11:     david_lair_shrubbed, uniq_urug, uniq_gastronok, uniq_josephine
D:12:     enter_bailey_7, xom_shifter_show, uniq_frances
D:14:     lightli_vaults_fourway_checkpoint, portal_ice_cave_demonic_guard,
          minmay_misc_feat_diagonals
Temple:   corrupted_temple
Lair:3:   swamp_mist, spider_nest_entry_a, nicolae_volcano_entry_hallway,
          patterned_corridor
Lair:4:   minmay_lair_oklob_items, hangedman_lair_unloving_vines
Lair:5:   basic_altar, grunt_megastairs_1, uniq_kirke
Lair:7:   uniq_maud
Lair:8:   grunt_lair_end_beastmaster, slime_altar_2
Orc:3:    serial_shops, nicolae_orc_pool_cavern, statue_in_the_mist_lemuel,
          nicolae_orc_rich_vein
Orc:4:    st_orc_town, uniq_azrael, uniq_saint_roka, uniq_donald
Bailey:   bailey_polearm_3, bailey
IceCv:    ice_cave_statue_garden_01

Notes
Turn   | Place    | Note
--------------------------------------------------------------
     0 | D:1      | ventricule the Hill Orc Assassin began the quest for the Orb.
     0 | D:1      | Reached XP level 1. HP: 18/18 MP: 1/1
    21 | D:1      | Reached skill level 1 in Dodging
   306 | D:1      | Reached skill level 1 in Armour
   320 | D:1      | Reached XP level 2. HP: 22/25 MP: 2/2
   809 | D:2      | Noticed Sigmund
   818 | D:2      | Killed Sigmund
   818 | D:2      | Reached skill level 3 in Armour
   818 | D:2      | Reached skill level 2 in Dodging
   818 | D:2      | Reached XP level 3. HP: 16/30 MP: 3/3
   818 | D:2      | Reached XP level 4. HP: 19/37 MP: 4/4
   818 | D:2      | Reached XP level 5. HP: 21/42 MP: 5/5
  1007 | D:2      | Reached skill level 3 in Dodging
  1078 | D:2      | Reached skill level 4 in Armour
  1195 | D:2      | Found a sacrificial altar of Ru.
  1196 | D:2      | Found a shimmering altar of Xom.
  1515 | D:2      | Reached XP level 6. HP: 34/50 MP: 6/6
  1707 | D:2      | Noticed Natasha
  1727 | D:2      | Killed Natasha
  2000 | D:2      | Noticed Natasha
  2013 | D:2      | Killed Natasha
  2236 | D:3      | Found a basalt altar of Yredelemnul.
  2469 | D:3      | Reached skill level 1 in Maces & Flails
  2834 | D:3      | HP: 4/50 [gnoll/club (6)]
  2837 | D:3      | Reached skill level 5 in Armour
  3159 | D:3      | Found a faded altar to an unknown god.
  3188 | D:3      | Reached skill level 4 in Dodging
  3188 | D:3      | Reached XP level 7. HP: 44/56 MP: 7/7
  3793 | D:3      | Found a glowing golden altar of the Shining One.
  3793 | D:3      | Found a glowing silver altar of Zin.
  3794 | D:3      | Found a white marble altar of Elyvilon.
  3890 | D:4      | Noticed ConnectionFaild's ghost (amateur DsAK)
  3954 | D:4      | HP: 5/56 [ConnectionFaild's ghost (7)]
  3967 | D:4      | Killed ConnectionFaild's ghost
  3967 | D:4      | Reached skill level 2 in Axes
  3967 | D:4      | Reached skill level 6 in Armour
  4194 | D:4      | Identified 2 potions of resistance
  4605 | D:4      | Found a staircase to the Ecumenical Temple.
  4621 | Temple   | Entered the Ecumenical Temple
  4633 | Temple   | Became a worshipper of Cheibriados the Contemplative
  4674 | D:4      | Reached XP level 8. HP: 59/62 MP: 8/8
  4764 | D:4      | Found a deep blue altar of Sif Muna.
  4927 | D:5      | Entered Level 5 of the Dungeon
  4958 | D:5      | Noticed Prince Ribbit
  4985 | D:5      | Killed Prince Ribbit
  4985 | D:5      | Reached skill level 3 in Axes
  4985 | D:5      | Reached skill level 5 in Dodging
  5243 | D:5      | Reached skill level 4 in Axes
  5296 | D:5      | Reached skill level 7 in Armour
  5612 | D:5      | Reached skill level 5 in Axes
  5649 | D:5      | Reached * piety under Cheibriados
  5889 | D:5      | Noticed Menkaure
  5899 | D:5      | Killed Menkaure
  6015 | D:5      | Reached XP level 9. HP: 20/68 MP: 9/9
  6372 | D:5      | Reached skill level 6 in Axes
  6637 | D:6      | Reached skill level 6 in Dodging
  6754 | D:6      | Reached skill level 8 in Armour
  6980 | D:6      | Reached skill level 7 in Axes
  7046 | D:6      | Reached ** piety under Cheibriados
  7237 | D:6      | Reached skill level 8 in Axes
  7309 | D:6      | Reached *** piety under Cheibriados
  7492 | D:6      | Reached skill level 9 in Axes
  7801 | D:7      | Found Cutt's Assorted Antiques.
  7807 | D:7      | Bought a scroll of identify for 42 gold pieces
  7989 | D:7      | Noticed Joseph
  7999 | D:7      | Killed Joseph
  7999 | D:7      | Reached skill level 10 in Axes
  7999 | D:7      | Reached XP level 10. HP: 34/74 MP: 10/10
  8207 | D:7      | Identified the Collected Works on the Dusty Escort
  8241 | D:7      | Reached skill level 11 in Axes
  8412 | D:7      | Reached **** piety under Cheibriados
  8741 | D:7      | Reached skill level 12 in Axes
  8757 | D:7      | Found a burning altar of Makhleb.
  8757 | D:7      | Noticed Pikel
  8767 | D:7      | Killed Pikel
  8924 | D:8      | Noticed Maurice
  8937 | D:8      | Killed Maurice
  8937 | D:8      | Reached skill level 13 in Axes
  8981 | D:8      | HP: 6/74 [killer bee (7)]
  8985 | D:8      | HP: 2/74 [killer bee (2)]
  9387 | D:8      | Reached skill level 14 in Axes
  9762 | D:8      | Found a blossoming altar of Fedhas.
 10017 | D:8      | Reached skill level 15 in Axes
 10017 | D:8      | Reached XP level 11. HP: 75/80 MP: 11/11
 10021 | D:8      | Reached ***** piety under Cheibriados
 10323 | D:9      | Noticed Erolcha
 10332 | D:9      | Killed Erolcha
 10415 | D:9      | Found an opulent altar of Gozag.
 10428 | D:9      | Found an iron altar of Okawaru.
 10431 | D:9      | Found a radiant altar of Vehumet.
 10445 | D:9      | Found a bloodstained altar of Trog.
 10466 | D:9      | Reached skill level 16 in Axes
 10505 | D:9      | Noticed Psyche
 10511 | D:9      | Killed Psyche
 10921 | D:9      | Noticed an orange crystal statue
 11167 | D:10     | Entered Level 10 of the Dungeon
 11203 | D:10     | Reached skill level 17 in Axes
 11250 | D:10     | Found a staircase to the Orcish Mines.
 11844 | D:10     | Noticed a hill giant
 11850 | D:10     | Killed a hill giant
 12022 | D:10     | Killed an unseen horror
 12022 | D:10     | Reached skill level 18 in Axes
 12025 | D:10     | Reached ****** piety under Cheibriados
 12030 | D:10     | Got a jewelled helmet
 12041 | D:10     | Identified the +1 helmet "Uxodoy" {Str+4} (You found it on level 10 of the Dungeon)
 12093 | D:10     | Noticed Erica
 12619 | D:11     | Noticed fredomojojo's ghost (novice HuFi)
 12625 | D:11     | Killed fredomojojo's ghost
 12627 | D:11     | Noticed Gastronok
 12955 | D:11     | Found a staircase to the Lair.
 12968 | D:11     | Reached XP level 12. HP: 88/88 MP: 12/12
 13006 | D:11     | Got a translucent chain mail
 13017 | D:11     | Identified the +7 chain mail "Tips" {Dex+7 SInv} (You found it on level 11 of the Dungeon)
 13081 | D:11     | Killed Erica
 13243 | D:11     | Reached skill level 19 in Axes
 13354 | D:11     | Killed Gastronok
 13475 | D:11     | Noticed Urug
 13481 | D:11     | Killed Urug
 13599 | D:11     | Reached skill level 20 in Axes
 13895 | D:11     | Noticed Josephine
 13903 | D:11     | Killed Josephine
 13949 | Lair:1   | Entered Level 1 of the Lair of Beasts
 14625 | Lair:1   | Reached skill level 1 in Invocations
 14836 | Lair:1   | Got a fine chain mail
 14847 | Lair:1   | Identified the +6 chain mail of the Game Afoot {+Fly rN+} (You found it on level 1 of the Lair of Beasts)
 15184 | Lair:1   | Reached skill level 3 in Fighting
 15196 | Lair:1   | Reached skill level 2 in Invocations
 15887 | Lair:2   | Reached XP level 13. HP: 93/95 MP: 15/15
 16076 | Lair:2   | You fall through a shaft for 2 floors!
 16091 | Lair:4   | Reached skill level 3 in Invocations
 16094 | Lair:4   | Reached skill level 4 in Fighting
 16113 | Lair:4   | Reached skill level 9 in Armour
 16113 | Lair:4   | Reached skill level 4 in Invocations
 16309 | Lair:3   | Found a dark tunnel.
 16323 | Lair:3   | Reached skill level 7 in Dodging
 16364 | Lair:3   | Reached skill level 5 in Fighting
 16612 | Lair:3   | Found a staircase to the Swamp.
 16705 | Lair:3   | Found a hole to the Spider Nest.
 16719 | Lair:3   | Reached skill level 5 in Invocations
 17307 | Lair:4   | Noticed skk's ghost (journeyman GrGl)
 17336 | Lair:4   | Killed skk's ghost
 17336 | Lair:4   | Reached skill level 6 in Fighting
 17413 | Lair:4   | Identified the Compendium of Mutagenic Intoxication
 17522 | Lair:4   | Reached skill level 6 in Invocations
 17798 | Lair:5   | Reached skill level 10 in Armour
 17948 | Lair:5   | Found a basalt altar of Yredelemnul.
 18135 | Lair:5   | Reached skill level 7 in Invocations
 18252 | Lair:5   | Noticed Kirke
 18260 | Lair:5   | Noticed a sphinx
 18676 | Lair:5   | Killed Kirke
 18676 | Lair:5   | Reached skill level 7 in Fighting
 18676 | Lair:5   | Reached skill level 8 in Dodging
 18980 | Lair:5   | Reached XP level 14. HP: 113/113 MP: 19/19
 19164 | Lair:6   | Reached skill level 8 in Invocations
 19282 | Lair:6   | Reached skill level 8 in Fighting
 19940 | Lair:7   | Noticed Maud
 19953 | Lair:7   | Killed Maud
 19953 | Lair:7   | Reached skill level 11 in Armour
 19953 | Lair:7   | Reached skill level 9 in Invocations
 20455 | Lair:7   | Reached skill level 9 in Fighting
 20455 | Lair:7   | Reached skill level 9 in Dodging
 20982 | Lair:8   | Entered Level 8 of the Lair of Beasts
 20982 | Lair:8   | Noticed 4thArraOfDagon's ghost (journeyman MiBe)
 21122 | Lair:8   | Reached skill level 10 in Invocations
 21270 | Lair:8   | Killed 4thArraOfDagon's ghost
 21309 | Lair:8   | Reached XP level 15. HP: 105/126 MP: 22/22
 21419 | Lair:8   | Reached skill level 10 in Fighting
 21419 | Lair:8   | Reached skill level 12 in Armour
 21733 | Lair:8   | Reached skill level 11 in Invocations
 21805 | Lair:8   | Identified a wand of heal wounds
 21808 | Lair:8   | Got a shimmering ring mail
 21819 | Lair:8   | Identified the cursed +0 ring mail of Birdsong {rC+ Int+4 Stlth+} (You found it on level 8 of the Lair of Beasts)
 21915 | Lair:8   | Found a runed door.
 21915 | Lair:8   | Found a viscous altar of Jiyva.
 21915 | Lair:8   | Found a staircase to the Slime Pits.
 22286 | Orc:1    | Entered Level 1 of the Orcish Mines
 23216 | Orc:3    | Reached skill level 10 in Dodging
 23960 | Orc:4    | Entered Level 4 of the Orcish Mines
 23960 | Orc:4    | Found a staircase to the Elven Halls.
 23960 | Orc:4    | Noticed Donald
 23977 | Orc:4    | Killed Donald
 24086 | Orc:4    | Noticed Saint Roka
 24103 | Orc:4    | Reached skill level 11 in Fighting
 24111 | Orc:4    | Found Wopseff's Antique Weapon Shoppe.
 24111 | Orc:4    | Found Nurock's Antique Weapon Boutique.
 24169 | Orc:4    | Killed Saint Roka
 24426 | Orc:4    | Bought a transparent war axe for 212 gold pieces
 24432 | Orc:4    | Identified the +7 war axe "Witicecu" {vamp, rPois} (You bought it in a shop on level 4 of the Orcish Mines)
 24453 | Orc:4    | Found a roughly hewn altar of Beogh.
 24833 | Orc:4    | Noticed Azrael
 24850 | Orc:4    | Killed Azrael
 24853 | Orc:4    | Reached skill level 12 in Invocations
 25106 | Orc:4    | Found Ytuproec's Weapon Boutique.
 25130 | Orc:4    | Found Maxumoam's Armour Shoppe.
 25146 | Orc:4    | Bought a +2 cloak of invisibility for 344 gold pieces
 25436 | D:12     | Noticed Frances
 25447 | D:12     | Killed Frances
 25447 | D:12     | Reached skill level 13 in Armour
 25451 | D:12     | Found a shimmering altar of Xom.
 25455 | D:12     | Found a shimmering altar of Xom.
 25562 | D:12     | Reached XP level 16. HP: 129/139 MP: 25/25
 25696 | D:12     | Found a flagged portal.
 25708 | Bailey   | Entered a bailey
 25838 | Bailey   | Learned a level 1 spell: Summon Butterflies
 26253 | D:12     | Found a shimmering altar of Xom.
 26269 | D:12     | Found a shimmering altar of Xom.
 26270 | D:12     | Found a shimmering altar of Xom.
 26655 | D:13     | Reached skill level 12 in Fighting
 27162 | D:14     | Found a frozen archway.
 27242 | IceCv    | Entered an ice cave
 27242 | IceCv    | Noticed Nicoed's ghost (adept FoFi)
 27288 | IceCv    | HP: 3/139 [Nicoed's ghost (19)]
 27288 | IceCv    | HP: 1/139 [Nicoed's ghost (2)]
 27291 | IceCv    | Slain by Nicoed's ghost

Vanquished Creatures
  Saint Roka (Orc:4)
  Gastronok (D:11)
  Frances (D:12)
  Kirke (Lair:5)
  Donald (Orc:4)
  Maud (Lair:7)
  Azrael (Orc:4)
  The ghost of 4thArraOfDagon the Severer, a journeyman MiBe of Trog (Lair:8)
  An ettin (Orc:4)
  Erolcha (D:9)
  Josephine (D:11)
  A catoblepas (Lair:8)
  The ghost of skk the Blocker, a journeyman GrGl of Ru (Lair:4)
  3 hydras
  Erica (D:11)
  A deep troll shaman (Lair:8)
  19 death yaks
  Urug (D:11)
  A deep elf knight (Bailey)
  2 ice devils (D:14)
  The ghost of fredomojojo the Covered, a novice HuFi of Nemelex Xobeh (D:11)
  A fire crab (Lair:8)
  An unseen horror (D:10)
  Pikel (D:7)
  3 hill giants
  An oklob plant (Lair:4)
  A wolf spider zombie (D:12)
  A griffon (Lair:7)
  An orc knight (Orc:3)
  9 orc sorcerers (Orc:4)
  4 ugly things
  7 elephants (Lair:8)
  9 black mambas
  2 centaur zombies
  Maurice (D:8)
  A manticore (D:11)
  Joseph (D:7)
  A molten gargoyle (Lair:1)
  Psyche (D:9)
  A gargoyle (D:12)
  9 spiny frogs
  A fire drake (Lair:7)
  4 komodo dragons
  2 polar bears (Lair:7)
  The ghost of ConnectionFaild the Pure, an amateur DsAK of Lugonu (D:4)
  7 trolls
  24 blink frogs
  Prince Ribbit (D:5)
  A boulder beetle (Lair:8)
  2 two-headed ogres
  7 deep elf magi
  Sigmund (D:2)
  4 hogs (Lair:5)
  6 wraiths
  12 hippogriffs
  A steam dragon (D:11)
  3 basilisks
  54 yaks
  10 wyverns
  16 wolves
  A human (D:8)
  Menkaure (D:5)
  3 deep elf fighters (Bailey)
  A hungry ghost (D:14)
  4 fire elementals (Orc:4)
  7 wargs
  A soldier ant (D:12)
  13 water moccasins
  4 hell hounds (Orc:4)
  22 orc warriors
  8 spiders (Lair:3)
  8 ice beasts
  A wasp (D:10)
  5 black bears
  13 porcupines
  14 ogres
  An eye of draining (D:11)
  4 phantoms
  7 centaurs
  5 sky beasts
  13 crocodiles
  A big kobold (D:12)
  A brain worm (Lair:7)
  A gnoll sergeant (D:8)
  30 giant frogs
  A wyvern zombie (D:8)
  6 scorpions
  25 killer bees
  8 wights
  8 crimson imps
  7 hounds
  2 gnoll shamans
  2 giant frog skeletons
  3 jellies
  27 orc priests
  47 orc wizards
  Natasha (twice) (D:2)
  7 iguanas
  6 worker ants
  A killer bee zombie (D:8)
  20 sheep
  2 hound zombies
  6 worker ant zombies
  20 gnolls
  21 adders
  95 river rats
  A shadow imp (D:12)
  An ooze (D:3)
  2 worms
  2 adder skeletons
  6 giant geckos
  209 orcs
  3 giant cockroaches
  15 goblins
  15 hobgoblins
  16 jackals
  14 kobolds
  5 quokkas
  5 bats
  A giant gecko skeleton (D:6)
  5 giant newts
  2 jackal skeletons
  A quokka skeleton (D:6)
  10 rats
  6 fungi
  9 plants
1068 creatures vanquished.

Vanquished Creatures (others)
  A human (Lair:5)
  An orc wizard (Orc:4)
  An orc priest (D:7)
  An orc (Orc:4)
  20 fungi
  28 plants
52 creatures vanquished.

Grand Total: 1120 creatures vanquished
